 Dungeon Crawl Stone Soup version 0.27-a0-1513-g2aaa0cc67b (webtiles) character file.

Game seed: 7033421442385014218

3866 Papr the Cleaver (level 9, 0/78 HPs)
             Began as a Minotaur Fighter on July 9, 2021.
             Was a Follower of Fedhas.
             Slain by an elephant (6 damage)
             ... while petrified by a basilisk
             ... on level 8 of the Dungeon on July 10, 2021.
             The game lasted 00:11:28 (7964 turns).

Papr the Cleaver (Minotaur Fighter)                 Turns: 7964, Time: 00:11:29

Health: 0/78       AC: 15    Str: 22    XL:     9   Next: 99%
Magic:  8/8        EV:  2    Int: 11    God:    Fedhas [*.....]
Gold:   250        SH:  0    Dex:  9    Spells: 8/8 levels left

rFire    + . .     SeeInvis .   a - +0 war axe
rCold    + . .     Faith    .   c - +0 kite shield
rNeg     + + +     Spirit   .   x - +0 plate armour
rPois    ∞         Reflect  .   (helmet restricted)
rElec    .         Harm     .   (no cloak)
rCorr    .         Rampage  .   I - +0 pair of gloves
Will     .....                  g - +0 pair of boots
Stlth    ..........             r - amulet of the acrobat
HPRegen  0.23/turn              k - ring of protection from fire
MPRegen  0.11/turn              A - ring "Zyjier" {rC+ Int+3}

@: petrified
A: horns 2, retaliatory headbutt
a: Renounce Religion


You were on level 8 of the Dungeon.
You worshipped Fedhas.
Fedhas was aware of your devotion.
You visited 2 branches of the dungeon, and saw 9 of its levels.

You collected 250 gold pieces.

Inventory:

Hand Weapons
 a - a +0 war axe (weapon)
 m - a +0 trident of holy wrath
 F - a +2 short sword of venom
Missiles
 y - 10 boomerangs (quivered)
 E - 3 silver boomerangs
Armour
 b - a +0 scale mail
 c - a +0 kite shield (worn)
 g - a +0 pair of boots (worn)
 x - a +0 plate armour (worn)
 I - a +0 pair of gloves (worn)
Jewellery
 k - a ring of protection from fire (left hand)
 l - a ring of ice
 r - an amulet of the acrobat (around neck)
 z - a ring of willpower
 A - the ring "Zyjier" (right hand) {rC+ Int+3}
   (You found it on level 5 of the Dungeon)

   [ring of protection from cold]

   Int:       It affects your intelligence (+3).
   rC:        It protects you from cold.
 C - an amulet of magic regeneration
 H - a +6 ring of dexterity
Wands
 s - a wand of flame (14)
 v - a wand of iceblast (15)
Scrolls
 e - 11 scrolls of identify {unknown}
 f - 4 scrolls of magic mapping {unknown}
 h - a scroll of amnesia {unknown}
 j - 3 scrolls of vulnerability {unknown}
 q - 3 scrolls of fear {unknown}
 t - a scroll of enchant weapon {unknown}
 w - 2 scrolls of summoning {unknown}
 B - a scroll of enchant armour {unknown}
 D - a scroll of teleportation {unknown}
Potions
 d - 2 potions of might
 i - 2 potions of mutation {unknown}
 n - 4 potions of curing {unknown}
 o - 2 potions of flight {unknown}
 p - 3 potions of degeneration {unknown}
 u - a potion of magic {unknown}
 G - a potion of brilliance {unknown}
 J - a potion of haste {unknown}
 K - a potion of attraction {unknown}
 L - 2 potions of heal wounds {unknown}


   Skills:
 + Level 6.6 Fighting
 - Level 12.0 Axes
 + Level 4.3 Throwing
 + Level 6.6 Armour
 + Level 4.8 Dodging
 + Level 6.6 Shields


You had 8 spell levels left.
You didn't know any spells.
Your spell library contained the following spells:

 Spells                   Type           Power      Damage    Failure   Level
 Apportation              Tloc           0%         N/A       100%        1
 Poisonous Vapours        Pois/Air       0%         N/A       100%        2
 Slow                     Hex            0%         N/A       100%        2
 Sublimation of Blood     Necr           0%         N/A       100%        2
 Wereblood                Tmut           0%         N/A       100%        2
 Confusing Touch          Hex            0%         N/A       100%        3
 Mephitic Cloud           Conj/Pois/Air  0%         N/A       100%        3
 Alistair's Intoxication  Tmut/Pois      0%         N/A       100%        5
 Freezing Cloud           Conj/Ice/Air   0%         6-21      100%        5
 Yara's Violent Unravell  Hex/Tmut       0%         3d3       100%        5
 Invisibility             Hex            0%         N/A       100%        6
 Summon Hydra             Summ           0%         N/A       100%        7


Dungeon Overview and Level Annotations

Branches:
Dungeon (8/15)             Temple (1/1) D:6            Lair (0/6) D:8

Altars:
Cheibriados
Dithmenos
Elyvilon
Fedhas
Gozag
Hepliaklqana
Kikubaaqudgha
Makhleb
Okawaru
Qazlal
Ru
Sif Muna
Trog
Uskayaw
Vehumet
Wu Jian
Xom
Yredelemnul
Zin
The Shining One


Innate Abilities, Weirdness & Mutations

You have a pair of horns on your head.
You reflexively headbutt those who attack you in melee.


Message History

You kill the killer bee!
Fedhas appreciates your contribution to the ecosystem.
You hit the basilisk. You hit the troll but do no damage.
You block the elephant's attack.
The elephant trunk-slaps you but does no damage.
The troll bites you. The troll claws you! You block the troll's attack.
The basilisk gazes at you.
You are slowing down.
The elephant tramples you!
* * * LOW HITPOINT WARNING * * *
You are shoved backwards!
Unknown command.
You completely miss the elephant. You headbutt the elephant.
The elephant is severely wounded.
You hit the basilisk. The elephant tramples you!
* * * LOW HITPOINT WARNING * * *
You are shoved backwards!
The basilisk gazes at you.
Your limbs have turned to stone.
You have turned to stone.
The elephant tramples you.
* * * LOW HITPOINT WARNING * * *
You are shoved backwards!
The elephant tramples you.
* * * LOW HITPOINT WARNING * * *
You are shoved backwards!
The elephant tramples you.
* * * LOW HITPOINT WARNING * * *
You are shoved backwards!
The elephant tramples you.
* * * LOW HITPOINT WARNING * * *
You hold your ground!
The elephant trunk-slaps you but does no damage.
The troll bites you but does no damage. The troll claws you.
* * * LOW HITPOINT WARNING * * *
The troll claws you!
* * * LOW HITPOINT WARNING * * *
The basilisk gazes at you. The elephant tramples you!
You die...
Fedhas appreciates your contribution to the ecosystem.

#........... #.#..
##............. ##...?
#.............. .. #.=...
#.............. ##.. #.....
#..).......... #..# ........
#.)÷).......... #...
#......... ##)............#..#
.#........
##...........#...##...#.......
#..<.......#@....... .#......
##.........TYl..##...........
#.>........l..###.#
###................#
###.................##
#...####...........## #####
####.....†.## ####....##
#.....#


You could see an elephant, a troll and 2 basilisks.

Vanquished Creatures
  A two-headed ogre (D:6)
  Grinder (D:5)
  2 shadows (D:5)
  Sigmund (D:3)
  A yak (D:8)
  A steam dragon (D:5)
  A water moccasin (D:6)
  2 ice beasts
  A necrophage (D:5)
  3 ogres
  A centaur (D:6)
  A wyvern zombie (D:6)
  5 bullfrogs
  2 kobold brigands
  A scorpion (D:5)
  A gnoll sergeant (D:5)
  A water moccasin skeleton (D:4)
  A killer bee (D:8)
  4 wights (D:8)
  4 howler monkeys
  A jelly (D:5)
  3 hounds (D:5)
  4 iguanas
  2 orc wizards
  A killer bee zombie (D:6)
  A hound zombie (D:5)
  A mummy (D:7)
  A hound skeleton (D:4)
  A howler monkey zombie (D:4)
  Robin (D:3)
  5 gnolls (D:5)
  5 adders
  A shadow imp (D:5)
  A white imp (D:4)
  2 adder skeletons
  An adder zombie (D:5)
  A worm (D:3)
  3 dart slugs
  22 orcs
  5 endoplasms
  A giant cockroach (D:3)
  14 goblins
  12 hobgoblins
  5 quokkas
  6 ball pythons
  7 bats
  6 frilled lizards
  17 kobolds
  A kobold zombie (D:7)
  3 orc zombies (D:7)
  8 rats
177 creatures vanquished.

Vanquished Creatures (others)
  A plant (D:6)
1 creature vanquished.

Grand Total: 178 creatures vanquished

Notes
Turn   | Place    | Note
-------+----------+-------------------------------------------
     0 | D:1      | Papr the Minotaur Fighter began the quest for the Orb.
     0 | D:1      | Reached XP level 1. HP: 19/19 MP: 0/0
   107 | D:1      | Reached skill level 3 in Axes
   129 | D:1      | Reached XP level 2. HP: 26/26 MP: 1/1
   580 | D:2      | Reached skill level 4 in Axes
   750 | D:2      | Reached XP level 3. HP: 31/31 MP: 2/2
  1261 | D:3      | Reached skill level 5 in Axes
  1261 | D:3      | Reached XP level 4. HP: 20/39 MP: 3/3
  1655 | D:3      | Noticed Robin
  1683 | D:3      | Killed Robin
  1907 | D:3      | Reached skill level 6 in Axes
  2154 | D:3      | Noticed Sigmund
  2162 | D:3      | Killed Sigmund
  2163 | D:3      | Reached skill level 7 in Axes
  2163 | D:3      | Reached XP level 5. HP: 30/45 MP: 4/4
  2163 | D:3      | Reached XP level 6. HP: 34/51 MP: 5/5
  2636 | D:3      | Found a faded altar of an unknown god.
  2878 | D:4      | Reached skill level 8 in Axes
  2967 | D:4      | Found a radiant altar of Vehumet.
  3356 | D:4      | Found a sacrificial altar of Ru.
  3418 | D:4      | Reached skill level 9 in Axes
  3553 | D:5      | Entered Level 5 of the Dungeon
  3619 | D:5      | Reached XP level 7. HP: 53/57 MP: 6/6
  3795 | D:5      | Noticed a steam dragon
  3806 | D:5      | Killed a steam dragon
  3807 | D:5      | Reached skill level 10 in Axes
  3882 | D:5      | Identified the ring "Zyjier" {rC+ Int+3}
  4021 | D:5      | Noticed Grinder
  4136 | D:5      | Paralysed by Grinder for 2 turns
  4141 | D:5      | Paralysed by Grinder for 7 turns
  4166 | D:5      | Paralysed by Grinder for 4 turns
  4179 | D:5      | Paralysed by Grinder for 2 turns
  4181 | D:5      | Killed Grinder
  4182 | D:5      | Reached skill level 11 in Axes
  4182 | D:5      | Reached XP level 8. HP: 49/64 MP: 7/7
  4305 | D:5      | Reached skill level 12 in Axes
  4611 | D:5      | Reached skill level 1 in Dodging
  4613 | D:5      | Reached skill level 1 in Throwing
  4901 | D:6      | Found a hazy altar of Hepliaklqana.
  5376 | D:6      | Found a staircase to the Ecumenical Temple.
  5391 | Temple   | Entered the Ecumenical Temple
  5545 | Temple   | Became a worshipper of Fedhas Madash
  5557 | D:6      | Noticed a two-headed ogre
  5569 | D:6      | Reached XP level 9. HP: 72/73 MP: 8/8
  5575 | D:6      | Killed a two-headed ogre
  5576 | D:6      | Reached skill level 5 in Fighting
  5576 | D:6      | Reached skill level 5 in Armour
  5576 | D:6      | Reached skill level 5 in Shields
  6465 | D:7      | Reached * piety under Fedhas
  6606 | D:7      | Found a bloodstained altar of Trog.
  7440 | D:8      | Noticed a two-headed ogre
  7941 | D:8      | Found a staircase to the Lair.
  7941 | D:8      | Noticed an elephant
  7941 | D:8      | Noticed a troll
  7964 | D:8      | Slain by an elephant

Illustrated notes

Levels and vault maps discovered:
D:1:      lemuel_arrival_lava_pool, layout_basic
D:2:      layout_basic, st_stairs_11, chequers_serial_rivers_small_3,
          dk_vineyard_3
D:3:      minmay_evil_eye, layout_basic, basic_ecumenical_altar,
          serial_co_window_serial, co_window_paths_b,
          co_window_of_opportunity_a, co_window_paths_a, co_window_paths_a,
          co_window_paths_a, co_window_broadway_a, co_window_broadway_a,
          co_window_2corner, co_window_broadway_a, co_window_2corner,
          co_window_of_opportunity_b, glass_columns_a, minmay_between,
          uniq_sigmund, uniq_robin
D:4:      layout_basic, lemuel_round_altar, nicolae_vehumet_altar_sigil
D:5:      minmay_spotlight, layout_rooms, grunt_ministairs_10, uniq_grinder
D:6:      layout_cave_pods, mainiacjoe_overflow_chevrons,
          minmay_temple_entry_gardened_gates, solitary_fountain
D:7:      layout_basic, trog_book, minmay_mini_ossuary
D:8:      layout_cave_pods, david_lair_generic, serial_shops,
          nicolae_diamond_shop, amcnicky_mini_pool_small, minivault_26,
          serial_park_tiny_pond
Temple:   compressed_dpeg_circular_temple

Skill      XL: |  1  2  3  4  5  6  7  8  9 |
---------------+----------------------------+-----
Axes           | 3 4 5 7 9 11 12 | 12.0
Dodging        | 2 4 |  4.8
Fighting       | 4 6 |  6.6
Throwing       | 2 4 |  4.3
Armour         | 4 6 |  6.6
Shields        | 4 6 |  6.6

Action                   |  1- 3 |  4- 6 |  7- 9 || total
-------------------------+-------+-------+-------++-------
Melee: War axe           |    72 |   156 |   259 ||   487
       Headbutt          |    17 |    23 |    43 ||    83
Throw: Boomerang         |       |       |    12 ||    12
Armor: Scale mail        |    69 |    44 |       ||   113
       Plate armour      |       |    29 |   127 ||   156
       Skin              |       |       |     6 ||     6
Dodge: Dodged            |    27 |    57 |    79 ||   163
Block: Kite shield       |    49 |    92 |   144 ||   285

Table legend: (Time is in decaauts)
 A = Elapsed time spent in this place.
 B = Non-inter-level travel time spent in this place.
 C = Inter-level travel time spent in this place.
 D = Time resting spent in this place.
 E = Time spent auto-exploring this place.
 F = Levels seen in this place.
 G = Mean time per level.
                   A        B        C        D        E       F      G
               +--------+--------+--------+--------+--------+-----+--------+
         Total |   8104 |   7876 |    228 |    899 |   5444 |   9 |  900.4 |
       Dungeon |   7943 |   7715 |    228 |    899 |   5353 |   8 |  992.9 |
        Temple |    160 |    160 |      0 |      0 |     91 |   1 |  160.0 |
               +--------+--------+--------+--------+--------+-----+--------+

Top non-repeatable levels by time:
     D:3: 1626 daAuts
     D:6: 1280 daAuts
     D:5: 1226 daAuts
     D:7: 1188 daAuts
     D:4: 847 daAuts
     D:2: 711 daAuts
     D:1: 554 daAuts
     D:8: 508 daAuts
  Temple: 160 daAuts
